 Dungeon Crawl Stone Soup version 0.14-a0-2939-ge0b1554 (webtiles) character file.

714 uri the Cleaver (level 7, 0/61 HPs)
             Began as a Deep Dwarf Berserker on Mar 3, 2014.
             Was a Priest of Trog.
             Slain by a goliath beetle zombie (8 damage)
             ... on Level 5 of the Dungeon.
             The game lasted 00:08:29 (2773 turns).

uri the Cleaver (Deep Dwarf Berserker)              Turns: 2773, Time: 00:08:29

HP   0/61        AC  8     Str 22      XL: 7   Next:  0%
MP   7/7         EV  9     Int  8      God: Trog [***...]
Gold 197         SH  0     Dex 12      Spells:  0 memorised,  6 levels left

rFire  . . .     SeeInvis .     a - +0 hand axe
rCold  . . .     Clarity  .     k - +0 scale mail
rNeg   . . .     Conserve .     (no shield)
rPois  .         rCorr    .     r - +2 elf hat
rElec  .         rRot     .     (no cloak)
SustAb + .       Spirit   .     (no gloves)
rMut   .         Warding  .     (no boots)
Saprov . . .     Stasis   .     (no amulet)
MR     ++...                    (no ring)
                                y - ring of sustain abilities {unknown}

@: non-regenerating, very resistant to hostile enchantments, extremely
unstealthy
A: damage resistance, recharge devices, sense surroundings 1, slow healing 3
a: Device Recharging, Burn Spellbooks, Berserk, Trog's Hand, Renounce Religion


You were on level 5 of the Dungeon.
You worshipped Trog.
Trog was most pleased with you.
You were very hungry.

You visited 1 branch of the dungeon, and saw 5 of its levels.

You collected 197 gold pieces.

Inventory:

Hand weapons
 a - a +0,+0 hand axe (weapon)
Missiles
 j - 26 darts (quivered)
Armour
 h - a +0 pair of elven boots
 k - a +0 scale mail (worn)
 r - a +2 elven hat (worn)
Magical devices
 c - a wand of heal wounds (5)
Comestibles
 d - 4 bread rations
 i - 2 meat rations
Scrolls
 b - 2 scrolls of fog {unknown}
 e - 2 scrolls of identify {unknown}
 f - 5 scrolls of remove curse {unknown}
 g - a scroll of enchant weapon II {unknown}
 n - a scroll of magic mapping {unknown}
 o - a scroll of noise {unknown}
 z - a scroll of teleportation {unknown}
 B - a scroll of random uselessness {unknown}
 C - a scroll of blinking {unknown}
Jewellery
 y - a ring of sustain abilities (left hand) {unknown}
Potions
 l - a potion of speed {unknown}
 q - a potion of cure mutation {unknown}
 s - a potion of heal wounds {unknown}
 t - a potion of brilliance {unknown}
 u - 2 potions of curing {unknown}
 x - a potion of resistance {unknown}
 A - a potion of mutation {unknown}
Books
 m - a book of Unlife

   Spells                             Type                      Level
   Recall                             Summoning/Translocation      3
   Animate Dead                       Necromancy                   4
   Control Undead                     Necromancy                   4
   Twisted Resurrection               Necromancy                   5
   Death Channel                      Necromancy                   6
   Simulacrum                         Ice/Necromancy               6
   Trog disapproves of the use of such an item.
 w - a book of Transfigurations

   Spells                             Type                      Level
   Stoneskin                          Transmutation/Earth          2
   Ice Form                           Ice/Transmutation            4
   Statue Form                        Transmutation/Earth          6
   Dragon Form                        Transmutation                7
   Trog disapproves of the use of such an item.


   Skills:
 - Level 2.6 Fighting
 + Level 8.8 Axes
 - Level 2.1 Armour
 - Level 2.1 Dodging


You had 6 spell levels left.
You didn't know any spells.

Dungeon Overview and Level Annotations

Branches:
Dungeon (5/16)             Temple (0/1) D:5

Altars:
Makhleb


Innate Abilities, Weirdness & Mutations

You are resistant to damage.
You can recharge devices by infusing magical energy.
You passively map a small area around you.
You do not heal naturally.


Message History

Eat which item? (? for menu, Esc to quit)
You are feeling very hungry.
You continue eating.
The goliath beetle zombie bites you.
You finish eating.
That strawberry was delicious!
You see here a tomahawk.
Eat which item? (? for menu, Esc to quit)
You continue eating.
You finish eating.
That strawberry was delicious!
Use which ability? (? or * to list)
Your skin crawls.
You feel resistant to hostile enchantments.
You feel slightly more hungry.
Use which ability? (? or * to list)
Okay, then.
You hit the goliath beetle zombie.
You hit the goliath beetle zombie but do no damage.
You hit the goliath beetle zombie but do no damage.
You hit the goliath beetle zombie. The goliath beetle zombie bites you!
You die...

...............................,
......................).........
................................,
................................
.......#............)..........
......###...........)..........
.8.....#.....(.................
⌠...............(z............ ,
.8..............@.............
⌠............................
.8..........................
...........<.......#....... ,,
..........<.<.....###....., ,
................... ... ,
................... ,
.................... ,
................... , ,


You could see a goliath beetle zombie.

Vanquished Creatures
  An ogre (D:4)
  A phantom (D:4)
  A sky beast (D:5)
  3 orc wizards
  A giant frog skeleton (D:5)
  5 adders
  A worm (D:3)
  9 orcs
  7 giant cockroaches
  2 hobgoblins
  10 jackals
  2 oozes
  6 quokkas
  2 ball pythons (D:1)
  6 bats
  6 giant geckos
  2 giant newts
  11 goblins
  7 kobolds
  16 rats
99 creatures vanquished.

Notes
Turn   | Place    | Note
--------------------------------------------------------------
     0 | D:1      | uri, the Deep Dwarf Berserker, began the quest for the Orb.
     0 | D:1      | Reached XP level 1. HP: 20/20 MP: 1/1
   189 | D:1      | Reached XP level 2. HP: 18/27 MP: 2/2
   194 | D:1      | Reached skill level 4 in Axes
   243 | D:1      | Acquired Trog's second power
   712 | D:2      | Reached XP level 3. HP: 30/33 MP: 3/3
   751 | D:2      | Reached skill level 5 in Axes
   984 | D:2      | Reached XP level 4. HP: 27/40 MP: 4/4
  1551 | D:3      | Reached skill level 6 in Axes
  1576 | D:3      | Reached XP level 5. HP: 32/46 MP: 5/5
  2202 | D:4      | Reached skill level 7 in Axes
  2226 | D:4      | Noticed a phantom
  2294 | D:4      | Noticed an ogre
  2306 | D:4      | Killed an ogre
  2306 | D:4      | Reached XP level 6. HP: 26/55 MP: 6/6
  2386 | D:4      | Found a burning altar of Makhleb.
  2586 | D:4      | Killed a phantom
  2586 | D:4      | Reached skill level 8 in Axes
  2636 | D:5      | Entered Level 5 of the Dungeon
  2656 | D:5      | Found a staircase to the Ecumenical Temple.
  2743 | D:5      | Reached XP level 7. HP: 15/61 MP: 7/7
  2752 | D:5      | HP: 3/61 [goliath beetle zombie (12)]
  2773 | D:5      | Slain by a goliath beetle zombie

Action                   |  1- 3 |  4- 6 |  7- 9 || total
-------------------------+-------+-------+-------++-------
Melee: Hand axe          |   144 |   277 |     9 ||   430
Invok: Trog's Hand       |     1 |     6 |     1 ||     8
       Berserk           |       |     1 |       ||     1
